 Dungeon Crawl Stone Soup version 0.28-a0-1404-g4df0f3684d (webtiles) character file.

Game seed: 17401950071107330658

159 porpoise the Skirmisher (level 5, -7/42 HPs)
             Began as a Demonspawn Warper on Jan 6, 2022.
             Mangled by an ogre (28 damage)
             ... on level 3 of the Dungeon.
             The game lasted 00:08:36 (3017 turns).

porpoise the Skirmisher (Demonspawn Warper)         Turns: 3017, Time: 00:08:36

Health: -7/42      AC:  4    Str: 14    XL:     5   Next: 17%
Magic:  8/8        EV: 11    Int: 14    God:
Gold:   125        SH:  0    Dex: 12    Spells: 8/8 levels left

rFire   . . .      SeeInvis .   a - +0 falchion
rCold   . . .      Faith    .   (no shield)
rNeg    . . .      Spirit   .   b - +0 leather armour
rPois   .          Reflect  .   (no helmet)
rElec   .          Harm     .   (no cloak)
rCorr   .          Rampage  .   s - +0 pair of gloves
Will    .....                   (no boots)
Stlth   ++........              (no amulet)
HPRegen 0.14/turn               (no ring)
MPRegen 0.11/turn               (no ring)

@: no status effects
A: spiny 1, demonic touch 1
a: no special abilities


You were on level 3 of the Dungeon.
You visited 1 branch of the dungeon, and saw 3 of its levels.

You collected 125 gold pieces.

Inventory:

Hand Weapons
 a - a +0 falchion (weapon)
Missiles
 d - 5 boomerangs of dispersal
 e - 50 stones
 f - 38 bolts
 m - 22 arrows
 n - 28 sling bullets
 q - 18 poisoned darts (quivered)
 t - 3 boomerangs
Armour
 b - a +0 leather armour (worn)
 s - a +0 pair of gloves (worn)
Magical Staves
 i - a staff of fire
Scrolls
 c - a scroll of blinking
 g - a scroll of summoning {unknown}
 k - a scroll of identify {unknown}
 l - a scroll of acquirement {unknown}
 o - 2 scrolls of vulnerability {unknown}
 p - a scroll of holy word {unknown}
 r - a scroll of fear {unknown}
Potions
 h - a potion of heal wounds {unknown}
 j - 2 potions of brilliance {unknown}


   Skills:
 * Level 3.7 Fighting
 * Level 3.3 Long Blades
 - Level 0.8 Throwing
 - Level 0.8 Armour
 - Level 1.7 Dodging
 + Level 1.9 Stealth
 - Level 2.0 Spellcasting
 - Level 2.6 Translocations


You had 8 spell levels left.
You didn't know any spells.
Your spell library contained the following spells:

 Spells                   Type           Power      Damage    Failure   Level
 Blink                    Tloc           16%        N/A       14%         2
 Gell's Gravitas          Tloc           8%         N/A       28%         3
 Lesser Beckoning         Tloc           8%         N/A       28%         3
 Teleport Other           Tloc           8%         N/A       28%         3
 Manifold Assault         Tloc           8%         N/A       95%         5


Dungeon Overview and Level Annotations

Branches:
Dungeon (3/15)

Altars:

Annotations:
D:3 1 runed translucent door, fragbeetle's ghost, amateur TrBe


Innate Abilities, Weirdness & Mutations

You are partially covered in sharp spines.
Your touch may inflict minor irresistible damage on your foes.


Message History

The kobold barely misses you.
You hit the kobold.
You kill the kobold!
You see here a +0 club.
f - 38 bolts (gained 24)
The adder is struck by your spines. The adder closely misses you.
You barely miss the adder. Your touch misses the adder.
The adder is lightly wounded.
The adder is struck by your spines. The adder bites you.
You closely miss the adder. Your touch misses the adder.
The adder is lightly wounded.
The adder closely misses you. The adder is struck by your spines.
The adder closely misses you.
You hit the adder.
You kill the adder!
You see here an adder corpse.
o - 2 scrolls labelled ISU OKOTOZUL (gained 1)
You see here an adder corpse.
You see here a +0 club.
An ogre comes into view. It is wielding a +0 giant club.
An ogre comes into view. It is wielding a +0 giant spiked club.
The ogre shouts!
Found a scroll labelled IRUETU BAROC.
You hit the ogre.
You touch the ogre.
The ogre is moderately wounded.
The ogre hits you with a +0 giant spiked club!
You hit the ogre but do no damage.
The ogre is moderately wounded.
The ogre is struck by your spines. The ogre barely misses you. x2
You hit the ogre.
The ogre is heavily wounded.
The ogre is struck by your spines.
The ogre hits you with a +0 giant spiked club.
The ogre closely misses you.
You hit the ogre but do no damage.
You touch the ogre.
The ogre is severely wounded.
The ogre is struck by your spines.
The ogre hits you with a +0 giant spiked club!!
Ouch! That really hurt!
You die...

##.#
#))######...##
...#
#..........##..
####
#........###.. #
#.....####...##?
#
#.####........#
#
#.....####...##?
# #........###..
#
##.........##..
# #.######..@##
###....##.OO#
.O##.##...# #..
###...##
##.......##
###...### ####


You could see 2 ogres.

Vanquished Creatures
  An orc wizard (D:3)
  6 adders
  A dart slug (D:1)
  3 orcs (D:3)
  8 bats
  4 endoplasms
  2 giant cockroaches
  11 goblins
  8 hobgoblins
  3 jackals (D:1)
  2 quokkas
  7 ball pythons
  4 frilled lizards
  7 kobolds
  3 rats (D:1)
70 creatures vanquished.

Notes
Turn   | Place    | Note
-------+----------+-------------------------------------------
     0 | D:1      | porpoise the Demonspawn Warper began the quest for the Orb.
     0 | D:1      | Reached XP level 1. HP: 16/16 MP: 3/3
   204 | D:1      | Gained mutation: Your touch may inflict minor irresistible
                  | damage on your foes. [demonic ancestry]
   204 | D:1      | Reached XP level 2. HP: 16/23 MP: 5/5
   933 | D:1      | Gained mutation: You are partially covered in sharp spines.
                  | [demonic ancestry]
   933 | D:1      | Reached XP level 3. HP: 28/28 MP: 6/6
   948 | D:1      | Reached skill level 1 in Stealth
  1338 | D:2      | Identified the +0 scale mail of Gestures {Dex+4}
  1521 | D:2      | Reached XP level 4. HP: 29/35 MP: 7/7
  2564 | D:3      | Noticed fragbeetle's ghost (amateur TrBe)
  2593 | D:3      | Found a faded altar of an unknown god.
  2614 | D:3      | Found a runed translucent door.
  2860 | D:3      | Reached XP level 5. HP: 29/42 MP: 8/8
  2999 | D:3      | Noticed an ogre
  3001 | D:3      | Noticed an ogre
  3017 | D:3      | Mangled by an ogre

Illustrated notes

Levels and vault maps discovered:
D:1:      lightli_arrival_maybe_door_vault, layout_basic, minmay_ruptured
D:2:      minmay_alternating_diamond, layout_loops_ring, serial_park_tiny_1,
          minmay_misc_feat_encased, kennysheep_generic_room_6
D:3:      layout_loops_cross, dreamdust_ecumenical_altar_angels_and_demons,
          hellmonk_ghost_happy_afterlife, serial_park_tiny_pond, minmay_puff

Skill      XL: |  1  2  3  4 |
---------------+-------------+-----
Long Blades    | 2 3 |  3.3
Stealth        | 1 |  1.9
Fighting       | 3 |  3.7
Throwing       | |  0.8
Armour         | |  0.8
Dodging        | |  1.7
Spellcasting   | |  2.0
Translocations | |  2.6

Action                   |  1- 3 |  4- 6 || total
-------------------------+-------+-------++-------
Melee: Falchion          |    94 |    64 ||   158
       Touch             |    11 |    10 ||    21
       Punch             |     1 |       ||     1
 Stab: Sleeping          |     4 |       ||     4
Armor: Leather armour    |    26 |    11 ||    37
Dodge: Dodged            |    57 |    34 ||    91

Table legend: (Time is in decaauts)
 A = Elapsed time spent in this place.
 B = Non-inter-level travel time spent in this place.
 C = Inter-level travel time spent in this place.
 D = Time resting spent in this place.
 E = Time spent auto-exploring this place.
 F = Levels seen in this place.
 G = Mean time per level.
                   A        B        C        D        E       F      G
               +--------+--------+--------+--------+--------+-----+--------+
         Total |   3044 |   2999 |     45 |    866 |   1593 |   3 | 1014.7 |
       Dungeon |   3044 |   2999 |     45 |    866 |   1593 |   3 | 1014.7 |
               +--------+--------+--------+--------+--------+-----+--------+

Top non-repeatable levels by time:
     D:1: 1347 daAuts
     D:2: 1241 daAuts
     D:3: 456 daAuts
